Workbook

Sheet Самооценка
B1: Тест «Самооценка»
B2: Инструкция по заполнению
B3: Для каждой модели поведения поставьте цифру от 1 до 5, в зависимости от того, насколько часто эта модель поведения встречается у вас:
B4: 1 – Полностью неверно
B5: 2 – Очень часто не верно
B6: 3 – Верно в половине случаев
B7: 4 – Очень часто верно
B8: 5 – Всегда верно
A9: № | B9: Вопросы | C9: Балы до тренинга | D9: Балы после тренинга
B10: Блок 1: Физическое здоровье | C10: =SUM(C11:C20)/10 -> 0 | D10: =SUM(D11:D20)/10 -> 0
A11: 1 | B11: Я прекрасно выгляжу и доволен своей внешностью.
A12: 2 | B12: Я полон сил, вдохновения, энергии, интереса к жизни.
A13: 3 | B13: Я здоров, прекрасно себя чувствую, у меня нет хронических заболеваний.
A14: 4 | B14: Я придерживаюсь здорового питания, мой вес в норме.
A15: 5 | B15: У меня здоровый сон, я не страдаю бессонницей.
A16: 6 | B16: Я регулярно занимаюсь физическими упражнениями или йогой.
A17: 7 | B17: Я получаю удовольствие от физических нагрузок и растяжек.
A18: 8 | B18: Я пью больше 2 литров воды в день.
A19: 9 | B19: Я не курю, редко употребляю алкоголь.
A20: 10 | B20: У меня нет тяги к алкоголю, курению, наркотикам.
B21: Блок 2: Психическое здоровье | C21: =(SUM(C22:C31)/10) -> 0 | D21: =(SUM(D22:D31)/10) -> 0
A22: 11 | B22: Я люблю, ценю и одобряю себя. У меня нет привычки себя ругать и укорять.
A23: 12 | B23: У меня есть сильное желание жить. У меня есть сильное желание чего-либо. У меня есть мечта, которую я хочу воплотить в жизнь.
A24: 13 | B24: Я внимателен к моим желаниям, я часто прислушиваюсь к себе, к своему телу. Я анализирую свои чувства.
A25: 14 | B25: Я часто испытываю чувство благодарности к жизни.
A26: 15 | B26: Я благополучен. Мой выбор - жить и быть счастливым.
A27: 16 | B27: Я одобряю и поощряю себя. Я принимаю себя таким, какой я есть. Я стремлюсь к развитию и созиданию.
A28: 17 | B28: Я избавился от чувства вины, критики и осуждения себя. Я понял, что поступал наилучшим образом на том уровне осознания, который у меня был.
A29: 18 | B29: Я спокоен и уверен в себе. Я верю в себя. Я умею справляться со страхами.
A30: 19 | B30: Я умею действовать, воплощать свои планы в жизнь. Я предпочитаю конкретные действия мечтам.
A31: 20 | B31: Я открыт, оптимистичен, у меня позитивный взгляд на жизнь. Я не страдаю от депрессий.
B32: Блок 3: Душевное здоровье | C32: =(SUM(C33:C42)/10) -> 0 | D32: =(SUM(D33:D42)/10) -> 0
A33: 21 | B33: Я чувствую, что нужен в этом мире. Моя жизнь - это огромная ценность.
A34: 22 | B34: Я точно понимаю кто я. Я осознаю свое предназначение, призвание, профессию, миссию.
A35: 23 | B35: Я понимаю зачем я живу. Моя жизнь – интереснейшее приключение.
A36: 24 | B36: Я умею прощать и отпускать людей и ситуации. Я часто смотрю на ситуации, людей и себя со стороны.
A37: 25 | B37: Я люблю, уважаю и ценю людей. Я часто восхищаюсь другими людьми.
A38: 26 | B38: Люди уважают и ценят меня. К моему мнению прислушиваются.
A39: 27 | B39: Мое окружение безопасно, люди дружелюбны ко мне. Люди всегда готовы мне помочь, мне надо просто попросить. Я чувствую свою защищенность.
A40: 28 | B40: Мои намерения и мысли чисты. Я могу влиять на ситуации. Я делаю это во благо себе, людям, организациям, где я работаю, Богу.
A41: 29 | B41: Мир – прекрасен и разумно устроен. Я принимаю этот мир, Вселенную, Бога. Я их неотъемлемая часть.
A42: 30 | B42: Все в этом мире во благо. Бог, Вселенная разумны и щедры. Все, что происходит - это опыт или обучение.
B43: Блок 4: Знания и Опыт | C43: =(SUM(C44:C53)/10) -> 0 | D43: =(SUM(D44:D53)/10) -> 0
A44: 31 | B44: У меня высшее образование.
A45: 32 | B45: У меня ученая степень.
A46: 33 | B46: У меня степень МБА.
A47: 34 | B47: У меня высокая профессиональная квалификация, которая подтверждена сертификатами.
A48: 35 | B48: У меня есть международные профессиональные сертификаты.
A49: 36 | B49: Я знаю иностранные языки.
A50: 37 | B50: У меня есть уникальные специфические знания и умения (например, знания языков программирования, и т.д.)
A51: 38 | B51: У меня есть знания и опыт руководства большим коллективом людей. У меня есть успешные, реализованные проекты.
A52: 39 | B52: У меня есть знания и опыт создания или руководства успешным бизнесом.
A53: 40 | B53: У меня есть знания и навыки инвестирования.
B54: Блок 5: Связи и Взаимоотношения | C54: =(SUM(C55:C64)/10) -> 0 | D54: =(SUM(D55:D64)/10) -> 0
A55: 51 | B55: Я коммуникабелен. Я умею и знаю, кому, как и когда доносить свои мысли.
A56: 52 | B56: Я лидер. Я умею влиять, убеждать и вести за собой.
A57: 53 | B57: Я легко завожу знакомства с людьми.
A58: 54 | B58: У меня есть настоящие друзья.
A59: 55 | B59: У меня обширные профессиональные связи.
A60: 56 | B60: Я состою в профессиональном сообществе.
A61: 57 | B61: Я создал или руковожу профессиональным сообществом.
A62: 58 | B62: У меня обширные бизнес связи.
A63: 59 | B63: У меня обширные связи среди инвесторов.
A64: 60 | B64: У меня обширные политические связи.
B65: Блок 6: Семья и Любовь | C65: =(SUM(C66:C75)/10) -> 0 | D65: =(SUM(D66:D75)/10) -> 0
A66: 61 | B66: У меня есть человек, который любит меня.
A67: 62 | B67: У меня есть человек, которого я люблю.
A68: 63 | B68: У меня счастливая семья.
A69: 64 | B69: Моя вторая половинка меня любит и поддерживает.
A70: 65 | B70: У меня отличные отношения с детьми. Они счастливы и успешны.
A71: 66 | B71: Я вырос в счастливой семье. Мои родители были счастливы в браке.
A72: 67 | B72: У меня отличные отношения с матерью, которая меня поддерживает.
A73: 68 | B73: У меня отличные отношения с отцом, который меня поддерживает.
A74: 69 | B74: У меня отличные отношения с братьями и сестрами, которые меня поддерживают.
A75: 70 | B75: У меня отличные отношения с бабушками и дедушками, которые меня поддерживают.
B76: Блок 7: Финансы | C76: =(SUM(C77:C86)/10) -> 0 | D76: =(SUM(D77:D86)/10) -> 0
A77: 71 | B77: Я люблю свою работу. Коллеги меня поддерживают. Я развиваюсь на работе и вижу карьерную перспективу.
A78: 72 | B78: Начальник меня ценит. У меня есть поддержка человека на более высокой ступени в иерархии в организации. Моя карьера движется вперед.
A79: 73 | B79: У меня высокая зарплата. Моя зарплата меня полностью удовлетворяет
A80: 74 | B80: У меня есть капитал, сбережения или источники пассивного дохода (депозиты, роялти, аренда недвижимости и т.д.)
A81: 75 | B81: Я частный предприниматель. Я сам умею зарабатывать деньги.
A82: 76 | B82: У меня есть идеи для start up бизнеса.
A83: 77 | B83: У меня есть инвестор моего start up бизнеса
A84: 78 | B84: У меня есть свой успешный бизнес.
A85: 79 | B85: Я инвестор. Я инвестирую в успешный бизнес.
A86: 80 | B86: Я инвестор. У меня есть капитал и стратегия инвестирования. Я инвестирую на финансовых ринках.
B87: Блок 8: Стиль поведения | C87: =(SUM(C88:C97)/10) -> 0 | D87: =(SUM(D88:D97)/10) -> 0
A88: 83 | B88: Я не жду указаний от начальства и готовых рецептов. Я сам генерирую идеи.
A89: 82 | B89: Я делаю ставку на свои способности и ищу альтернативы.
A90: 84 | B90: Я действую самостоятельно и ищу возможности.
A91: 81 | B91: Я сам создаю возможности и всегда активно действую.
A92: 85 | B92: Я легко перехожу от слов к действиям. У меня всегда есть долгосрочный план действий. И план на случай кризиса.
A93: 86 | B93: Я действую открыто и дружелюбно. Я не избегаю людей.
A94: 87 | B94: Для меня проблема - это задача, которую надо решить. Я не бегу от проблемной ситуации.
A95: 88 | B95: Я иду к реализации моих идей, к богатству и процветанию, а не бегу от бедности.
A96: 89 | B96: Кризис всегда идет на благо, это опыт, обучение и возможности. Я не опускаю руки в кризис.
A97: 90 | B97: Я не бегу и не впадаю в ступор от опасности. Я сопротивляюсь и борюсь с обстоятельствами.
A98: 91 | B98: Я всегда осознаю свои страхи и умею их преодолевать. Мой девиз - "Бойся но делай!"
A99: 92 | B99: Я не стремлюсь отнять что-либо у других людей. Я стремлюсь поделиться с людьми. Я альтруист.
... A107: 100 | B107: Я выбираю жизнь на 100%. Я живу полной жизнью и дышу полной грудью.
...

Sheet Конфликты
B1: Тест «Мой стиль поведения в конфликте»
B2: Инструкция по заполнению
B3: Для каждой модели поведения поставьте цифру от 1 до 5, в зависимости от того, насколько часто эта модель поведения встречается у вас:
B4: 1 – Никогда так себя не веду
B5: 2 – Иногда так себя веду
B6: 3 – Веду себя так в половине случаев
B7: 4 – Очень часто так себя веду
B8: 5 – Всегда так себя веду
B9: Модель поведения может отличаться, если вы анализируете свое поведение по отношению к разным группам людей. То есть, стиль поведения в конфликтах с начальником может быть один, а стиль поведения в конфликте с коллегами может быть другим. Для данного теста просьба ответить на вопросы, исходя из вашего поведения при конфликтах с коллегами.
A11: № | B11: Вопросы | C11: Балы до тренинга | D11: Балы после тренинга
B12: Блок 1: Сила | C12: =(SUM(C13:C17)/5) -> 0 | D12: =(SUM(D13:D17)/5) -> 0
A13: 1 | B13: В конфликте я не иду на уступки. Для меня важно отстоять свою точку зрения, потому что я прав.
A14: 2 | B14: В спорах я всегда стремлюсь к победе. Я лучше остальных вижу ситуацию и знаю решение.
A15: 3 | B15: Я никогда не откажусь от хорошего довода и аргумента, даже если он может быть неприятен для оппонента.
A16: 4 | B16: Победу в споре я однозначно предпочитаю компромиссу.
A17: 5 | B17: Я при всех открыто критикую оппонента и использую его слабые стороны.
B18: Блок 2: Сотрудничество | C18: =SUM(C19:C23)/5 -> 0 | D18: =SUM(D19:D23)/5 -> 0
A19: 6 | B19: Я умею донести свое мнение до других. Я нейтрально описываю ситуацию, предлагаю решения, объясняю, что произойдет, если решение не будет принято. Я стараюсь подвести собеседника к оптимальному решению, стремлюсь, чтобы он высказал его сам.
A20: 7 | B20: Я изучаю существующие различия, умею поставить себя на место оппонента, слушаю его доводы. Я хорошо понимаю мотив других и ищу решение, удобное для обоих.
A21: 8 | B21: Я не позволяю обойти меня при принятии решения. Я открыто выражаю свое несогласие, затем обсуждаю различия. Я не отступаю от своего мнения, но и не навязывая его.
A22: 9 | B22: Я умею защитить свою позицию, и поставить оппонента на место, если он переходит границу дозволенного.
A23: 10 | B23: Я вижу людей без иллюзий, такими, какие они есть. Но я умею прощать и всегда даю второй шанс для сотрудничества.
B24: Блок 3: Слабость | C24: =SUM(C25:C29)/5 -> 0 | D24: =SUM(D25:D29)/5 -> 0
A25: 11 | B25: У меня репутация уступчивого человека. Я скорее соглашусь с оппонентом, чем начну с ним спорить.
A26: 12 | B26: Я уступлю скорее, чем стану пытаться изменить мнение оппонента.
A27: 13 | B27: При обсуждении ситуации я ухожу от обсуждения любых противоречивых ее аспектов.
A28: 14 | B28: Я скорее соглашусь на частично удовлетворительное для меня решение, чем буду стараться добиться своего.
A29: 15 | B29: Я уступаю сразу же, как только эмоции оппонента начинают бить ключом.
B30: Блок 4: Уклонение | C30: =SUM(C31:C35)/5 -> 0 | D30: =SUM(D31:D35)/5 -> 0
A31: 16 | B31: Я избегаю общения с человеком до тех пор, пока конфликт с ним не решен.
A32: 17 | B32: Лучше обе стороны конфликта останутся в проигрыше, чем подвергаться риску эмоционального противостояния.
A33: 18 | B33: Мне кажется, что большинство разногласий не имеют смысла. Бессмысленно что-то доказывать.
A34: 19 | B34: Я скорее признаю свою частичную неправоту, чем начну подробно разбираться, в чем состоят расхождения.
A35: 20 | B35: Я стараюсь отложить обсуждение конфликтной ситуации до тех пор, пока досконально в ней не разберусь.

Sheet Результат
A1: Сфера жизни | B1: До тренинга | C1: После тренинга
A2: Блок 1: Физическое здоровье | B2: =Самооценка!C10 -> 0 | C2: =Самооценка!D10 -> 0
A3: Блок 2: Психическое здоровье | B3: =Самооценка!C21 -> 0 | C3: =Самооценка!D21 -> 0
A4: Блок 3: Душевное здоровье | B4: =Самооценка!C32 -> 0 | C4: =Самооценка!D32 -> 0
A5: Блок 4: Знания и Опыт | B5: =Самооценка!C43 -> 0 | C5: =Самооценка!D43 -> 0
A6: Блок 5: Связи и Взаимоотношения | B6: =Самооценка!C54 -> 0 | C6: =Самооценка!D54 -> 0
A7: Блок 6: Семья и Любовь | B7: =Самооценка!C65 -> 0 | C7: =Самооценка!D65 -> 0
A8: Блок 7: Финансы | B8: =Самооценка!C76 -> 0 | C8: =Самооценка!D76 -> 0
A9: Блок 8: Стиль поведения | B9: =Самооценка!C87 -> 0 | C9: =Самооценка!D87 -> 0
A28: Поведение в конфликте | B28: До тренинга | C28: После тренинга
A29: Блок 1: Сила | B29: =Конфликты!C12 -> 0 | C29: =Конфликты!D12 -> 0
A30: Блок 2: Сотрудничество | B30: =Конфликты!C18 -> 0 | C30: =Конфликты!D18 -> 0
A31: Блок 3: Слабость | B31: =Конфликты!C24 -> 0 | C31: =Конфликты!D24 -> 0
A32: Блок 4: Уклонение | B32: =Конфликты!C30 -> 0 | C32: =Конфликты!D30 -> 0
